 Dungeon Crawl Stone Soup version 0.19.0-9-gfd783f2 (webtiles) character file.

15570 Dioneo the Grappler (level 12, -11/126 HPs)
             Began as a Troll Fighter on Nov 8, 2016.
             Was a High Priest of Dithmenos.
             Mangled by a white ugly thing (30 damage)
             ... on level 12 of the Dungeon.
             The game lasted 00:34:56 (12658 turns).

Dioneo the Grappler (Troll Fighter)                Turns: 12658, Time: 00:34:56

Health: -11/126    AC:  7    Str: 27    XL:     12   Next: 2%
Magic:  11/11      EV: 11    Int:  4    God:    Dithmenos [*****.]
Gold:   739        SH: 13    Dex: 13    Spells: 3 memorised, 6 levels left

rFire  . . .     SeeInvis .       - Unarmed
rCold  . . .     Gourm    +     O - +0 troll leather armour
rNeg   . . .     Faith    .     b - +1 shield
rPois  .         Spirit   .     (helmet restricted)
rElec  .         Reflect  .     (no cloak)
rCorr  .         Harm     .     (gloves unavailable)
MR     .....                    (boots unavailable)
Stlth  +.........               x - amulet of regeneration
                                (no ring)
                                z - ring of wizardry

@: wreathed by umbra
A: unfitting armour, claws 3, fast metabolism 3, gourmand, regeneration 1,
shaggy fur 1, tough skin 2
a: Shadow Step, Shadow Form, Renounce Religion


You were on level 12 of the Dungeon.
You worshipped Dithmenos.
Dithmenos was extremely pleased with you.
You were completely stuffed.

You visited 2 branches of the dungeon, and saw 13 of its levels.
You also visited: Ossuary.

You collected 739 gold pieces.

Inventory:

Missiles
 a - a throwing net
 e - 9 large rocks (quivered)
 E - 8 javelins
Armour
 b - a +1 shield (worn)
 O - a +0 troll leather armour (worn)
Jewellery
 x - an amulet of regeneration (around neck)
 z - a ring of wizardry (left claw)
Wands
 r - a wand of enslavement (7/24)
 y - a wand of polymorph (5/24)
 D - a wand of polymorph (4/24)
 I - a wand of heal wounds (0/9)
 J - a wand of confusion (20/48)
 L - a wand of acid (0/15)
 M - a wand of slowing (18/48)
Scrolls
 h - 4 scrolls of teleportation
 i - 2 scrolls of blinking
 n - 4 scrolls of enchant armour
 p - 9 scrolls of remove curse
 t - 2 scrolls of amnesia
 v - 2 scrolls of recharging
 A - 2 scrolls of fog
 N - 3 scrolls of magic mapping
Potions
 c - a potion of might
 g - a potion of cure mutation
 j - 2 potions of resistance
 l - a potion of agility {unknown}
 o - 3 potions of brilliance
 w - 7 potions of curing
 B - 3 potions of flight
 G - a potion of beneficial mutation {unknown}
 H - a potion of lignification {unknown}
 P - a potion of haste
Books
 u - a book of Minor Magic

   Spells                             Type                      Level
   a - Magic Dart                     Conjuration                  1
   b - Blink                          Translocation                2
   c - Call Imp                       Summoning                    2
   d - Repel Missiles                 Charms/Air                   2
   e - Slow                           Hexes                        2
   f - Conjure Flame                  Conjuration/Fire             3
   g - Mephitic Cloud                 Conjuration/Poison/Air       3
 C - a book of Cantrips

   Spells                             Type                      Level
   a - Confusing Touch                Hexes                        1
   b - Animate Skeleton               Necromancy                   1
   c - Summon Small Mammal            Summoning                    1
   d - Apportation                    Translocation                1
 K - a book of Clouds

   Spells                             Type                      Level
   a - Mephitic Cloud                 Conjuration/Poison/Air       3
   b - Conjure Flame                  Conjuration/Fire             3
   c - Poisonous Cloud                Conjuration/Poison/Air       6
   d - Freezing Cloud                 Conjuration/Ice/Air          6
   e - Ring of Flames                 Charms/Fire                  7
Miscellaneous
 q - a phantom mirror
Comestibles
 d - 11 bread rations
 f - a fruit
 k - 35 chunks of flesh
 m - 9 meat rations
 F - 9 beef jerkies


   Skills:
 + Level 9.9 Fighting
 + Level 2.5 Throwing
 + Level 4.6 Dodging
 - Level 9.0 Shields
 + Level 11.4 Unarmed Combat


You had 6 spell levels left.
You knew the following spells:

 Your Spells              Type           Power        Failure   Level  Hunger
a - Blink                 Tloc           N/A          54%         2    ###....
b - Repel Missiles        Chrm/Air       #.....       54%         2    ###....
c - Apportation           Tloc           #.........   34%         1    ##.....


Dungeon Overview and Level Annotations

Branches:
Dungeon (12/15)            Temple (1/1) D:5            Lair (0/6) D:9
    Orc (0/2) D:9

Altars:
Ashenzari
Cheibriados
Dithmenos
Elyvilon
Fedhas
Hepliaklqana
Kikubaaqudgha
Makhleb
Okawaru
Qazlal
Ru
Sif Muna
Trog
Uskayaw
Vehumet
Xom
Zin
The Shining One

Shops:
D:7 (   D:12 %

Annotations:
D:9 3 exclusions


Innate Abilities, Weirdness & Mutations

You are too large for most types of armour.
You have claws for hands.
Your metabolism is lightning-fast.
You like to eat raw meat.
Your natural rate of healing is unusually fast.
You are covered in fur. (AC +1)
You have very tough skin. (AC +2)


Message History

You block the white ugly thing's attack.
You claw the white ugly thing!
The white ugly thing is almost dead.
Your shadow misses the white ugly thing.
You block the white ugly thing's attack.
You scratch the white ugly thing but do no damage.
The white ugly thing is almost dead.
The white ugly thing punches you!
* * * LOW HITPOINT WARNING * * *
The white ugly thing freezes you!!
* * * LOW HITPOINT WARNING * * *
Evoke which item? (* to show all) (? for menu, Esc to quit)
Zapping:
I - a wand of heal wounds {zapped: 3} (will waste charges)
Press: ? - help, Shift-Dir - straight line, f - you You feel much better.
Evoking this partially-identified wand wasted a few charges.
The white ugly thing punches you!
* * * LOW HITPOINT WARNING * * *
The white ugly thing freezes you!!
You die...

## .. #. . ###.. .##
#... ..# ###.####
####'#### .......####
#.....$.#
..........###...u...#
.......##..)))..@.$.#
.......######)......'...
.......# #.......##♣∩
.......# #.......#
######## #########


You could see a white ugly thing.

Vanquished Creatures
  The ghost of Ge0ff the Spear-Bearer, a journeyman HuWr of Hepliaklqana (D:11)
  An unseen horror (D:12)
  3 hill giants
  2 ugly things (D:11)
  A manticore (D:11)
  2 cyclopes (D:12)
  An elephant (D:9)
  A centaur skeleton (D:11)
  A kobold demonologist (D:11)
  3 trolls
  A hippogriff (D:11)
  Sigmund (D:6)
  2 wyverns
  A wraith (D:10)
  18 yaks
  A steam dragon (D:9)
  2 mottled dragons (D:11)
  2 water moccasins
  2 sky beasts
  12 orc warriors
  5 centaurs
  7 ogres
  2 crocodiles
  3 big kobolds (D:11)
  4 bullfrogs
  A wyvern skeleton (D:12)
  3 scorpions
  10 killer bees
  3 howler monkeys
  3 crimson imps
  4 centaur zombies
  5 jellies (D:10)
  2 quasits
  3 hounds
  9 orc wizards
  5 orc priests
  2 human zombies (Ossuary)
  7 iguanas
  9 worker ants
  A big kobold zombie (Ossuary)
  A hound skeleton (D:4)
  3 mummies
  6 gnolls
  11 adders
  2 shadow imps
  2 oozes
  An adder zombie (Ossuary)
  An adder skeleton (D:4)
  7 worms
  2 dart slugs
  2 leopard geckos
  39 orcs
  8 giant cockroaches
  6 hobgoblins
  9 jackals
  6 quokkas
  2 ball pythons (D:3)
  9 bats
  3 frilled lizards
  11 goblins
  A goblin zombie (Ossuary)
  13 hobgoblin zombies
  3 jackal zombies
  15 kobolds
  10 kobold zombies
  A leopard gecko zombie (D:6)
  5 orc zombies (Ossuary)
  A quokka skeleton (D:6)
  7 rats
  A rat zombie (Ossuary)
  A butterfly (D:5)
335 creatures vanquished.

Notes
Turn   | Place    | Note
-------+----------+-------------------------------------------
     0 | D:1      | Dioneo the Troll Fighter began the quest for the Orb.
     0 | D:1      | Reached XP level 1. HP: 22/22 MP: 0/0
   200 | D:1      | Reached XP level 2. HP: 25/29 MP: 1/1
   793 | D:2      | Found a shimmering altar of Xom.
   853 | D:2      | Reached XP level 3. HP: 36/36 MP: 2/2
  1178 | D:2      | Found an iron altar of Okawaru.
  1521 | D:2      | Reached XP level 4. HP: 41/45 MP: 3/3
  1548 | D:2      | Reached skill level 3 in Unarmed Combat
  1577 | D:3      | Found a faded altar of an unknown god.
  1618 | D:3      | Found a hazy altar of Hepliaklqana.
  1710 | D:3      | Found a shattered altar of Ashenzari.
  2402 | D:4      | Reached XP level 5. HP: 51/53 MP: 4/4
  2588 | D:4      | Learned a level 2 spell: Blink
  2591 | D:4      | Learned a level 2 spell: Repel Missiles
  2662 | D:4      | Reached skill level 4 in Unarmed Combat
  2662 | D:4      | Reached XP level 6. HP: 23/62 MP: 5/5
  3310 | D:5      | Entered Level 5 of the Dungeon
  3312 | D:5      | Found a staircase to the Ecumenical Temple.
  3341 | Temple   | Entered the Ecumenical Temple
  3345 | Temple   | Became a worshipper of Dithmenos the Shadowed
  3379 | D:5      | Found a shimmering altar of Xom.
  3613 | D:5      | Found a glowing golden altar of the Shining One.
  3639 | D:5      | Reached XP level 7. HP: 71/71 MP: 6/6
  3881 | D:5      | Found a runed door.
  3885 | D:5      | Found a runed door.
  3924 | D:5      | Reached skill level 5 in Unarmed Combat
  4050 | D:5      | Learned a level 1 spell: Apportation
  4293 | D:6      | Noticed Grinder
  4482 | D:6      | Noticed Sigmund
  4491 | D:6      | Killed Sigmund
  4491 | D:6      | Reached skill level 5 in Fighting
  4491 | D:6      | Reached skill level 5 in Shields
  4491 | D:6      | Reached XP level 8. HP: 74/80 MP: 7/7
  4643 | D:6      | Found a burning altar of Makhleb.
  4667 | D:6      | Noticed Grinder
  4667 | D:6      | Grinder changed into Grinder the crimson imp
  4672 | D:6      | Killed Grinder the crimson imp
  4792 | D:6      | Reached * piety under Dithmenos
  5312 | D:7      | Reached skill level 6 in Unarmed Combat
  5396 | D:7      | Found Voetoule's Antique Weapon Boutique.
  5575 | D:7      | Found a radiant altar of Vehumet.
  5843 | D:7      | Found a deep blue altar of Sif Muna.
  6383 | D:8      | Reached skill level 7 in Unarmed Combat
  6383 | D:8      | Reached XP level 9. HP: 31/89 MP: 8/8
  6418 | D:8      | Found a sand-covered staircase.
  6462 | Ossuary  | Entered an ossuary
  6516 | Ossuary  | Reached ** piety under Dithmenos
  7141 | D:8      | Reached *** piety under Dithmenos
  7976 | D:9      | Reached skill level 8 in Unarmed Combat
  8286 | D:9      | Found a staircase to the Orcish Mines.
  8480 | D:9      | Noticed a moth of wrath
  8690 | D:9      | Found a bloodstained altar of Trog.
  8852 | D:9      | Noticed an elephant
  8852 | D:9      | Noticed a troll
  8863 | D:9      | Noticed a troll
  8866 | D:9      | Killed an elephant
  8866 | D:9      | Reached XP level 10. HP: 95/102 MP: 9/9
  8910 | D:9      | Found a staircase to the Lair.
  9161 | D:10     | Entered Level 10 of the Dungeon
  9292 | D:10     | Reached skill level 9 in Unarmed Combat
 10564 | D:11     | Noticed a green ugly thing
 10573 | D:11     | Killed a green ugly thing
 10674 | D:11     | Reached **** piety under Dithmenos
 10688 | D:11     | Reached skill level 10 in Unarmed Combat
 10695 | D:11     | Reached XP level 11. HP: 73/113 MP: 10/10
 11050 | D:11     | Noticed a hill giant
 11050 | D:11     | Noticed Ge0ff's ghost (journeyman HuWr)
 11055 | D:11     | Killed a hill giant
 11089 | D:11     | Killed Ge0ff's ghost
 11247 | D:11     | Noticed a brown ugly thing
 11260 | D:11     | Killed a brown ugly thing
 12062 | D:12     | Killed an unseen horror
 12062 | D:12     | Reached skill level 11 in Unarmed Combat
 12097 | D:12     | Noticed a hill giant
 12106 | D:12     | Killed a hill giant
 12106 | D:12     | Reached skill level 1 in Throwing
 12220 | D:12     | Noticed a hill giant
 12234 | D:12     | Killed a hill giant
 12553 | D:12     | Reached ***** piety under Dithmenos
 12596 | D:12     | Reached XP level 12. HP: 70/126 MP: 11/11
 12639 | D:12     | Found Elonakhi's Food Shop.
 12657 | D:12     | HP: 6/126 [white ugly thing (29)]
 12658 | D:12     | Mangled by a white ugly thing

Skill      XL: |  1  2  3  4  5  6  7  8  9 10 11 |
---------------+----------------------------------+-----
Fighting       | 3 4 5 6 7 8 9 |  9.9
Shields        | 3 4 5 6 7 8 9 |  9.0
Unarmed Combat | 3 4 5 7 8 10 11 | 11.4
Dodging        | 4 |  4.6
Throwing       | 2 |  2.5

Action                   |  1- 3 |  4- 6 |  7- 9 | 10-12 || total
-------------------------+-------+-------+-------+-------++-------
Melee: Unarmed           |   128 |   132 |   485 |   423 ||  1168
Throw: Javelin           |       |       |     5 |       ||     5
       Large rock        |       |       |       |     2 ||     2
Evoke: Wand              |       |       |     9 |     2 ||    11
  Use: Scroll            |       |    11 |     6 |     3 ||    20
       Potion            |       |       |     3 |     5 ||     8
 Stab: Sleeping          |     1 |       |     2 |       ||     3
  Eat: Chunk             |    20 |    17 |    50 |    30 ||   117
       Fruit             |       |       |       |     2 ||     2
       Royal jelly       |       |       |       |     1 ||     1
       Pizza             |       |       |       |     1 ||     1
Armor: Robe              |    40 |    27 |    92 |     1 ||   160
       Troll leather arm |       |       |       |    51 ||    51
Dodge: Dodged            |    27 |    26 |   140 |   109 ||   302
Block: Shield            |    49 |    47 |   239 |   190 ||   525
